 Dungeon Crawl Stone Soup version 0.15-a0-424-gd505f06 (webtiles) character file.

13406 ProjectEKO the Conjurer (level 11, -5/74 HPs)
             Began as a Mottled Draconian Conjurer on May 4, 2014.
             Was an Elder of Vehumet.
             Engulfed by a cloud of freezing vapour (12 damage)
             ... in an ice cave on May 5, 2014.
             The game lasted 00:46:59 (16715 turns).

ProjectEKO the Conjurer (DrCj)                     Turns: 16715, Time: 00:46:59

HP  -5/74        AC 15     Str 11      XL: 11   Next: 67%
MP  26/26        EV 12     Int 16      God: Vehumet [****..]
Gold 592         SH  0     Dex 15      Spells:  6 memorised,  2 levels left

rFire  . . .     SeeInvis .     o - +0 whip (elec)
rCold  . . .     Clarity  .     (armour unavailable)
rNeg   . . .     Conserve .     (no shield)
rPois  .         rCorr    .     (helmet restricted)
rElec  .         rRot     .     A - +2 cloak
SustAb + .       Spirit   .     p - +2 pair of gloves {Dex+3}
rMut   .         Warding  .     u - +1 pair of boots
Saprov . . .     Stasis   .     d - amulet of faith {!P}
MR     +....                    z - ring of stealth
                                g - ring of sustain abilities

@: somewhat resistant to hostile enchantments, fairly stealthy
A: breathe sticky flames, unfitting armour, talons 1, dopey 1, magic resistance
1, spit poison 1, wild magic 1, AC +7
a: Spit Poison, Breathe Sticky Flame, Renounce Religion


You were in an ice cave.
You worshipped Vehumet.
Vehumet was greatly pleased with you.
You were near starving.

You visited 3 branches of the dungeon, and saw 14 of its levels.
You also visited: Ice Cave.

You collected 673 gold pieces.
You spent 81 gold pieces at shops.


Innate Abilities, Weirdness & Mutations

You can spit globs of burning liquid.
You can ignite nearby creatures when you spit burning liquid.
Your weird mottled scales are hard (AC +7).
Your body does not fit into most forms of armour.
Your cold-blooded metabolism reacts poorly to cold.
You have sharp toenails.
You are dopey. (Int -2)
You are resistant to hostile enchantments.
You can spit poison.
Your spells are a little harder to cast, but a little more powerful.


   Skills:
 - Level 1.7 Dodging
 - Level 1.7 Stealth
 + Level 7.5 Spellcasting
 - Level 14.0 Conjurations
 - Level 2.0 Charms
 - Level 10.0 Fire Magic
 + Level 1.6 Air Magic
 + Level 1.9 Poison Magic


You had 2 spell levels left.
You knew the following spells:

 Your Spells              Type           Power        Failure   Level  Hunger
c - Iskenderun's Mystic   Conj           ######..     1%          4    ####...
x - Sticky Flame          Conj/Fire      ######..     1%          4    ####...
y - Inner Flame           Hex/Fire       ####....     3%          3    ##.....
z - Magic Dart            Conj           ####         1%          1    None
X - Poisonous Cloud       Conj/Pois/Air  #####.....   75%         6    #######
Z - Iskenderun's Battles  Conj/Chrm      #####...     7%          5    #####..

Inventory:

Hand weapons
 o - a +0,+0 whip of electrocution (weapon)
Armour
 p - a +2 pair of gloves of dexterity (worn)
 u - a +1 pair of boots (worn)
 A - a +2 cloak (worn)
Magical devices
 e - a wand of frost (11)
 y - a wand of teleportation (1) {!d}
 F - a wand of cold (9)
 K - a wand of heal wounds (1) {!d}
Comestibles
 b - 11 bread rations
Scrolls
 r - 2 scrolls of fog
Jewellery
 d - an amulet of faith (around neck) {!P}
 g - a ring of sustain abilities (left hand)
 z - a ring of stealth (right hand)
Potions
 q - a potion of brilliance
 C - a potion of magic
 E - a potion of curing

Dungeon Overview and Level Annotations

Branches:
Dungeon (11/15)            Temple (1/1) D:5             Orc (0/4) D:11
   Lair (2/8) D:11

Altars:
Ashenzari
Cheibriados
Dithmenos
Elyvilon
Fedhas
Makhleb
Okawaru
Sif Muna
Trog
Vehumet
Xom
Yredelemnul
Zin
The Shining One

Shops:
D:4 (   D:5 [   D:6 (

Annotations:
D:4 exclusion: ice beast
D:9 Sientara's ghost, experienced MiBe
D:11 Sientara's ghost, powerful FoFi

▒▒▒▒▒ ▒▒d▒·▒ ▒▒▒▒
▒#▒#▒▒ ▒▒▒▒▒▒▒··▒ ▒▒▒▒
▒▒#▒#▒▒▒·▒····∩·▒
▒▒···▒▒▒#·▒▒▒·····∩··▒▒
▒·····▒·▒▒▒········▒▒▒
▒··▒··#▒·▒#·▒▒▒·▒▒▒▒ ▒
▒▒▒#····▒▒ ▒▒▒ ▒▒···▒▒
▒▒·▒▒


There were no monsters in sight!


Message History

You feel a bit more experienced.
You start resting.
Some of the chunks of flesh in your inventory have completely rotted away.
All of the chunks of flesh in your inventory have completely rotted away.
HP restored.
Really walk into that cloud of freezing vapour?
Okay, then.
Drink which item? (? for menu, Esc to quit)
Okay, then.
You are engulfed in freezing vapours.
You are engulfed in freezing vapours.
You are engulfed in freezing vapours.
One of your 3 potions of curing freezes and shatters!
Found 55 gold pieces.
You start resting.
You are near starving!
Found 19 gold pieces.
You now have 548 gold pieces (gained 11).
You now have 558 gold pieces (gained 10).
You now have 592 gold pieces (gained 34).
You are engulfed in freezing vapours.
* * * LOW HITPOINT WARNING * * *
You see here 19 gold pieces.
You are engulfed in freezing vapours.
* * * LOW HITPOINT WARNING * * *
Drink which item? (? for menu, Esc to quit)
You feel better.
You are engulfed in freezing vapours.
* * * LOW HITPOINT WARNING * * *
You are engulfed in freezing vapours.
You die...

Action                   |  1- 3 |  4- 6 |  7- 9 | 10-12 || total
-------------------------+-------+-------+-------+-------++-------
Melee: Dagger            |    22 |    10 |       |       ||    32
       Whip              |       |    24 |   296 |    48 ||   368
 Cast: Magic Dart        |    64 |   136 |   143 |   189 ||   532
       Searing Ray       |     1 |     7 |     5 |       ||    13
       Iskenderun's Myst |       |       |    24 |    54 ||    78
       Iskenderun's Batt |       |       |     9 |    47 ||    56
       Inner Flame       |       |       |     1 |    12 ||    13
       Sticky Flame      |       |       |       |     1 ||     1
 Abil: Breathe Sticky Fl |       |       |    19 |     7 ||    26
Evoke: Wand              |       |       |     8 |     7 ||    15
  Use: Scroll            |     8 |     5 |    11 |     3 ||    27
       Potion            |     2 |     6 |     7 |     3 ||    18
 Stab: Sleeping          |       |       |     5 |       ||     5

Vault maps used:
D:1:      minmay_arrival_checkered_box, tso_altar
D:2:      kennysheep_generic_room_12
D:4:      first_bread, serial_shops, nicolae_shop_competitors_out_of_business
D:5:      minmay_temple_entry_grid, serial_shops, nicolae_shop_statue_plus
D:6:      nicolae_overflow_hidden_temple, serial_shops, shop
D:7:      grunt_ogre_cave, minmay_misc_feat_doors
D:8:      basic_altar, enter_ossuary_4, okawaru_gym_becter
D:10:     due_unseen_surprise
D:11:     david_orc_4, lair_0_dummy, basic_altar
Temple:   minmay_temple_curvy_14
Lair:1:   portal_ice_cave_entry_pillars_02, bh_autumn_forest_stairs
IceCv:    ice_cave_caverns_02

Notes
Turn   | Place    | Note
--------------------------------------------------------------
     0 | D:1      | ProjectEKO, the Draconian Conjurer, began the quest for the Orb.
     0 | D:1      | Reached XP level 1. HP: 14/14 MP: 3/3
   419 | D:1      | Reached XP level 2. HP: 11/20 MP: 0/4
  1022 | D:1      | Learned a level 2 spell: Searing Ray
  1045 | D:1      | Reached skill level 5 in Conjurations
  1045 | D:1      | Reached XP level 3. HP: 26/26 MP: 0/6
  1133 | D:1      | Found a glowing golden altar of the Shining One.
  2244 | D:2      | Reached XP level 4. HP: 33/33 MP: 4/7
  3013 | D:3      | Noticed an ice beast
  3018 | D:3      | Killed an ice beast
  3018 | D:3      | Reached skill level 3 in Spellcasting
  3018 | D:3      | Reached skill level 6 in Conjurations
  3018 | D:3      | Reached XP level 5. HP: 10/38 MP: 8/11
  3026 | D:3      | Learned a level 5 spell: Iskenderun's Battlesphere
  3298 | D:3      | Noticed an ice beast
  3470 | D:3      | Reached skill level 1 in Charms
  3646 | D:3      | Reached XP level 6. HP: 45/45 MP: 6/12
  3903 | D:3      | Killed an ice beast
  3903 | D:3      | Reached skill level 2 in Charms
  4163 | D:3      | Reached skill level 7 in Conjurations
  4766 | D:4      | Found Fraecw's Antique Weapon Shoppe.
  5253 | D:4      | Noticed Banei's ghost (average DsWz)
  5286 | D:4      | Killed Banei's ghost
  5286 | D:4      | Your scales start taking on a weird mottled pattern.
  5286 | D:4      | Reached XP level 7. HP: 42/50 MP: 8/15
  5400 | D:4      | Reached skill level 4 in Spellcasting
  5400 | D:4      | Reached skill level 8 in Conjurations
  5451 | D:4      | Learned a level 4 spell: Iskenderun's Mystic Blast
  5558 | D:5      | Entered Level 5 of the Dungeon
  5658 | D:5      | Found Lukewusu's Antique Armour Boutique.
  5666 | D:5      | Bought a pair of glowing gloves for 81 gold pieces
  5677 | D:5      | Found a staircase to the Ecumenical Temple.
  5715 | Temple   | Entered the Ecumenical Temple
  5960 | Temple   | Became a worshipper of Vehumet
  6050 | D:5      | Reached XP level 8. HP: 57/57 MP: 11/18
  6052 | D:5      | Reached skill level 9 in Conjurations
  7187 | D:6      | Reached skill level 10 in Conjurations
  7461 | D:6      | Found Mimaonk's Antique Weapon Emporium.
  7949 | D:7      | HP: 5/57 [staircase mimic (5)]
  8306 | D:7      | Acquired Vehumet's first power
  8306 | D:7      | Offered knowledge of Freeze by Vehumet.
  8337 | D:7      | Reached skill level 11 in Conjurations
  8778 | D:7      | Reached XP level 9. HP: 53/62 MP: 20/20
  9160 | D:8      | Upgraded the game from 0.15-a0-411-g153a95e to 0.15-a0-424-gd505f06
  9193 | D:8      | Found a shattered altar of Ashenzari.
  9366 | D:8      | Reached skill level 12 in Conjurations
  9386 | D:8      | Offered knowledge of Throw Frost by Vehumet.
  9515 | D:8      | Found an iron altar of Okawaru.
 10112 | D:9      | Offered knowledge of Inner Flame by Vehumet.
 10117 | D:9      | Learned a level 3 spell: Inner Flame
 10245 | D:9      | Gained mutation: You are resistant to hostile enchantments. [potion of beneficial mutation]
 10292 | D:9      | Reached skill level 1 in Fire Magic
 10294 | D:9      | Reached skill level 2 in Fire Magic
 10301 | D:9      | Reached skill level 13 in Conjurations
 10301 | D:9      | Reached skill level 3 in Fire Magic
 10338 | D:9      | Noticed Sientara's ghost (experienced MiBe)
 10576 | D:9      | Acquired Vehumet's second power
 11120 | D:10     | Entered Level 10 of the Dungeon
 11207 | D:10     | Noticed a hill giant
 11219 | D:9      | Reached XP level 10. HP: 60/69 MP: 2/21
 11224 | D:9      | Reached skill level 4 in Fire Magic
 11403 | D:10     | Killed a hill giant
 11484 | D:10     | Reached skill level 5 in Fire Magic
 11571 | D:10     | Noticed a hill giant
 12152 | D:10     | Offered knowledge of Conjure Flame by Vehumet.
 12229 | D:10     | Reached skill level 6 in Fire Magic
 12446 | D:10     | Noticed HenryFlower's ghost (experienced SpHu)
 12454 | D:10     | Killed HenryFlower's ghost
 12618 | D:10     | Acquired Vehumet's third power
 12620 | D:10     | Offered knowledge of Sticky Flame by Vehumet.
 12640 | D:10     | Reached skill level 7 in Fire Magic
 12734 | D:10     | Learned a level 4 spell: Sticky Flame
 12775 | D:10     | Reached skill level 14 in Conjurations
 12913 | D:10     | Reached skill level 5 in Spellcasting
 12984 | D:10     | Reached skill level 8 in Fire Magic
 13333 | D:10     | Killed a hill giant
 13333 | D:10     | Reached XP level 11. HP: 74/74 MP: 13/24
 13758 | D:11     | Noticed Sientara's ghost (powerful FoFi)
 13935 | D:11     | Found a staircase to the Lair.
 14005 | D:11     | Reached skill level 6 in Spellcasting
 14063 | D:11     | Found a snail-covered altar of Cheibriados.
 14525 | D:11     | Offered knowledge of Poisonous Cloud by Vehumet.
 14528 | D:11     | Reached skill level 9 in Fire Magic
 14684 | D:11     | Noticed a hill giant
 14697 | D:11     | Killed a hill giant
 15167 | D:11     | Noticed a hill giant
 15177 | D:11     | Killed a hill giant
 15356 | D:11     | Reached skill level 7 in Spellcasting
 15789 | D:11     | Found a staircase to the Orcish Mines.
 16013 | Lair:1   | Entered Level 1 of the Lair of Beasts
 16109 | Lair:2   | Reached skill level 10 in Fire Magic
 16131 | Lair:2   | Gained mutation: You are dopey. (Int -2) [potion of mutation]
 16131 | Lair:2   | Gained mutation: Your muscles are strong. (Str +2) [potion of mutation]
 16131 | Lair:2   | Gained mutation: Your spells are a little harder to cast, but a little more powerful. [potion of mutation]
 16132 | Lair:2   | Gained mutation: You have sharp toenails. [potion of mutation]
 16132 | Lair:2   | Lost mutation: Your muscles are strong. (Str +2) [potion of mutation]
 16132 | Lair:2   | Gained mutation: You can spit poison. [potion of mutation]
 16167 | Lair:2   | Learned a level 6 spell: Poisonous Cloud
 16205 | Lair:1   | Found a frozen archway.
 16231 | IceCv    | Entered an ice cave
 16235 | IceCv    | Reached skill level 1 in Poison Magic
 16237 | IceCv    | Reached skill level 1 in Air Magic
 16714 | IceCv    | HP: 7/74 [cloud of freezing vapour (22)]
 16715 | IceCv    | Engulfed by a cloud of freezing vapour

Vanquished Creatures
  The ghost of HenryFlower the Thrower, an experienced SpHu of Trog (D:10)
  4 hill giants
  A komodo dragon (D:11)
  A troll (D:10)
  A two-headed ogre (D:10)
  A deep elf mage (D:11)
  The ghost of Banei the Stinger, an average DsWz of Nemelex Xobeh (D:4)
  A basilisk (Lair:1)
  2 wyverns
  18 yaks
  A wraith (D:10)
  A hippogriff (D:7)
  A steam dragon (D:10)
  4 wolves (IceCv)
  A human zombie (D:10)
  2 water moccasins
  4 orc warriors (D:11)
  A necrophage (D:10)
  8 ice beasts
  2 sky beasts
  4 ogres
  2 phantoms
  3 centaurs
  2 crocodiles
  A big kobold (D:10)
  4 giant frogs
  7 killer bees
  3 scorpions
  A yak zombie (D:11)
  An eye of draining (D:11)
  2 electric eels (D:10)
  A troll zombie (D:10)
  5 wights (D:8)
  3 crimson imps
  3 goliath beetles
  5 hounds
  A jelly (D:11)
  4 orc priests
  An elf zombie (D:8)
  8 orc wizards
  A big fish (D:10)
  A giant frog skeleton (D:11)
  A quasit (D:5)
  8 worker ants
  3 iguanas
  2 big kobold skeletons
  A hound skeleton (D:5)
  A worker ant zombie (D:9)
  14 adders
  2 inept item mimics
  A steam dragon skeleton (D:10)
  2 giant mites
  2 shadow imps
  5 worms
  An iguana skeleton (D:7)
  An adder skeleton (D:5)
  2 orc skeletons (D:5)
  A giant eyeball (D:9)
  7 giant geckos
  2 oozes
  39 orcs
  19 hobgoblins
  7 quokkas
  4 ball pythons
  8 bats
  4 giant cockroaches
  5 giant newts
  11 goblins
  A hobgoblin zombie (D:7)
  4 jackals (D:7)
  18 kobolds
  An orc zombie (D:10)
  A quokka zombie (D:8)
  15 rats
  A rat zombie (D:8)
313 creatures vanquished.

Vanquished Creatures (others)
  A polar bear (IceCv)
  A yak (IceCv)
  A giant eyeball (D:7)
3 creatures vanquished.

Grand Total: 316 creatures vanquished
